 Seeded DCSS version 0.26-a0-264-g3a47132 (webtiles) character file.

Game seed: 1679152689888223791 (custom seed)

95 Jonnyslop the Chiller (level 4, -5/36 HPs)
             Began as a Deep Dwarf Ice Elementalist on July 14, 2020.
             Slain by an ogre
             ... wielding a +0 giant club
              (17 damage)
             ... on level 3 of the Dungeon.
             The game lasted 00:08:44 (2147 turns).

Jonnyslop the Chiller (Deep Dwarf Ice Elementalist) Turns: 2147, Time: 00:08:44

Health: -5/36      AC:  3    Str: 11    XL:     4   Next: 39%
Magic:  4/8        EV: 12    Int: 17    God:
Gold:   87         SH:  5    Dex: 13    Spells: 1/9 levels left

rFire    + . .     SeeInvis .   f - +0 short sword
rCold    . . .     Faith    .   (no shield)
rNeg     . . .     Spirit   .   e - +1 robe {rF+}
rPois    .         Reflect  +   (no helmet)
rElec    .         Harm     .   (no cloak)
rCorr    .                      (no gloves)
MR       .....                  (no boots)
Stlth    ++........             a - amulet of reflection
HPRegen  0.00/turn              (no ring)
MPRegen  0.11/turn              (no ring)

@: frozen ramparts, non-regenerating
A: damage resistance, heal wounds, sense surroundings 1, no regeneration
a: Heal Wounds


You were on level 3 of the Dungeon.
You were not hungry.

You visited 1 branch of the dungeon, and saw 3 of its levels.

You collected 87 gold pieces.

Inventory:

Hand Weapons
 f - a +0 short sword (weapon)
Armour
 e - a +1 robe of fire resistance (worn)
Jewellery
 a - an amulet of reflection (around neck)
Scrolls
 d - 3 scrolls of teleportation
 g - 4 scrolls of remove curse
Potions
 b - a potion of curing
 h - a potion of might {unknown}
 i - a potion of mutation {unknown}
 j - a potion of stabbing {unknown}
Comestibles
 c - 12 rations


   Skills:
 - Level 2.3 Dodging
 - Level 2.5 Stealth
 * Level 3.2 Spellcasting
 + Level 4.3 Ice Magic


You had one spell level left.
You knew the following spells:

 Your Spells              Type           Power        Failure   Level
a - Freeze                Ice            ###.         3%          1
b - Frozen Ramparts       Ice            ###...       9%          3
c - Hailstorm             Conj/Ice       ##......     56%         4

Your spell library contained the following spells:

 Spells                   Type           Power        Failure   Level
 Ozocubu's Armour         Chrm/Ice       ##......     22%         3
 Summon Ice Beast         Ice/Summ       ##......     56%         4


Dungeon Overview and Level Annotations

Branches:
Dungeon (3/15)

Altars:

Annotations:
D:3 2 runed translucent doors


Innate Abilities, Weirdness & Mutations

You are resistant to damage.
You can heal yourself by infusing magical energy.
You passively map a small area around you.
You do not regenerate.


Message History

You kill the hobgoblin!
The wall freezes the ogre.
The wall freezes the ogre.
The wall freezes the ogre.
The wall freezes the ogre.
Casting: Frozen Ramparts (dangerous; 9% risk of failure)
Confirm with . or Enter, or press ? or * to list all spells.
The spell is potentially lethal to cast (56% risk of failure)!
Continue anyway?
Okay, then.
Unknown command.
Casting: Hailstorm (potentially lethal; 56% risk of failure)
Confirm with . or Enter, or press ? or * to list all spells.
You cannot sustain more frozen ramparts right now.
The wall freezes the ogre.
The frozen ramparts melt away.
Casting: Frozen Ramparts (dangerous; 9% risk of failure)
Confirm with . or Enter, or press ? or * to list all spells.
The walls around you are covered in ice.
The ogre hits you with a +0 giant club!!
You die...

.......#########.............
.#####.#.....<.#.............
.#.............#..#..†..#####
.....#.#.....(.....##........
...........#.#####.##.#######
* ...#.#....#......#....#
##)#...............#####
.....#....#.##...O.....#
...#.#......##..@......#
####.#.................# ,
..#.........####....# **
###.........# #....# ,
.<........# #..>.# *
#........ ###### ..... * ,
.... *


You could see an ogre.

Vanquished Creatures
  4 adders (D:2)
  A dart slug (D:2)
  A leopard gecko (D:1)
  An orc (D:3)
  2 ball pythons (D:2)
  6 giant cockroaches
  2 goblins
  8 hobgoblins
  2 jackals (D:2)
  5 bats
  3 frilled lizards
  11 kobolds
  9 rats
55 creatures vanquished.

Notes
Turn   | Place    | Note
-------+----------+-------------------------------------------
     0 | D:1      | Jonnyslop the Deep Dwarf Ice Elementalist began the quest
                  | for the Orb.
     0 | D:1      | Reached XP level 1. HP: 15/15 MP: 3/3
   414 | D:1      | Reached XP level 2. HP: 22/22 MP: 2/4
   780 | D:1      | Reached skill level 4 in Ice Magic
  1028 | D:1      | Reached XP level 3. HP: 15/28 MP: 6/6
  1562 | D:2      | Learned a level 3 spell: Frozen Ramparts
  1774 | D:2      | Reached XP level 4. HP: 19/36 MP: 5/8
  1966 | D:2      | Learned a level 4 spell: Hailstorm
  2009 | D:3      | Found a large runed translucent door.
  2009 | D:3      | Found a large runed translucent door.
  2128 | D:3      | Noticed an ogre
  2147 | D:3      | Slain by an ogre

Illustrated notes

Levels and vault maps discovered:
D:1:      evilmike_arrival_crescent, layout_loops_ring
D:2:      layout_basic, first_ration, hex_large
D:3:      layout_basic, ebering_ghost_disaster_area, uniq_crazy_yiuf_cottage,
          uniq_natasha

Skill      XL: |  1  2  3  4 |
---------------+-------------+-----
Spellcasting   | 2 3 |  3.2
Ice Magic      | 4 |  4.3
Dodging        | |  2.3
Stealth        | |  2.5

Action                   |  1- 3 |  4- 6 || total
-------------------------+-------+-------++-------
Melee: Unarmed           |     3 |       ||     3
       Short sword       |    15 |     3 ||    18
 Cast: Freeze            |    61 |    10 ||    71
       Frozen Ramparts   |       |     3 ||     3
 Abil: Heal Wounds       |     1 |       ||     1
  Use: Scroll            |     5 |       ||     5
 Stab: Sleeping          |     5 |     1 ||     6
  Eat: Ration            |     2 |       ||     2
Armor: Robe              |    13 |     1 ||    14
Dodge: Dodged            |    32 |     5 ||    37
Block: Other             |     2 |     1 ||     3
       Reflection        |     1 |     1 ||     2

Table legend:
 A = Non-vault XP
 B = Vault XP
 C = Vault XP percentage of total XP
 D = Non-vault monster count
 E = Vault monster count
 F = Vault count percentage of total count
                 A         B        C        D         E       F
            +---------+---------+-------+---------+---------+-------
      Total |     136 |       0 |   0.0 |      55 |       0 |   0.0
            +---------+---------+-------+---------+---------+-------
        D:1 |      45 |       0 |   0.0 |      28 |       0 |   0.0
        D:2 |      80 |       0 |   0.0 |      21 |       0 |   0.0
        D:3 |      11 |       0 |   0.0 |       6 |       0 |   0.0
            +---------+---------+-------+---------+---------+-------
